 Dungeon Crawl Stone Soup version 0.27-a0-1140-g099f9bb (webtiles) character file.

Game seed: 4728906445149653368

610 Meow the Firebug (level 7, 55/55 HPs)
             Began as a Naga Fire Elementalist on May 8, 2021.
             Quit the game on level 4 of the Dungeon.
             The game lasted 00:10:42 (4237 turns).

Meow the Firebug (Naga Fire Elementalist)           Turns: 4237, Time: 00:10:42

Health: 55/55      AC:  3    Str: 10    XL:     7   Next: 43%
Magic:  12/13      EV:  9    Int: 18    God:
Gold:   164        SH:  0    Dex: 11    Spells: 10/15 levels left

rFire    . . .     SeeInvis +   a - +0 club
rCold    . . .     Faith    .   (no shield)
rNeg     . . .     Spirit   .   b - +0 robe
rPois    +         Reflect  .   (no helmet)
rElec    .         Harm     .   (no cloak)
rCorr    .         Rampage  .   (no gloves)
Will     +....                  (no barding)
Stlth    ++........             (no amulet)
HPRegen  0.18/turn              g - ring of willpower
MPRegen  0.13/turn              (no ring)

@: very slow
A: AC +2, large, see invisible, deformed body, poison resistance, slowness 2,
spit poison 1, naga tail 1
a: Spit Poison


You were on level 4 of the Dungeon.
You visited 1 branch of the dungeon, and saw 4 of its levels.

You collected 164 gold pieces.

Inventory:

Hand Weapons
 a - a +0 club (weapon)
Missiles
 e - 33 bolts
 f - 11 sling bullets
 i - 99 arrows
Armour
 b - a +0 robe (worn)
Jewellery
 g - a ring of willpower (left hand)
 l - a ring of flight
 n - an amulet of reflection
Scrolls
 c - a scroll of blinking
 h - 2 scrolls of teleportation
Potions
 d - 2 potions of curing
 j - a potion of heal wounds {unknown}
 k - a potion of flight {unknown}
 m - a potion of magic {unknown}


   Skills:
 - Level 1.5 Dodging
 - Level 3.0 Stealth
 + Level 4.5 Spellcasting
 + Level 4.4 Conjurations
 + Level 5.3 Fire Magic


You had 10 spell levels left.
You knew the following spells:

 Your Spells              Type           Power      Damage    Failure   Level
a - Foxfire               Conj/Fire      84%        2x1d8     1%          1
t - Sticky Flame          Conj/Fire      21%        2d4       19%         4

Your spell library contained the following spells:

 Spells                   Type           Power      Damage    Failure   Level
 Magic Dart               Conj           80%        1d7       2%          1
 Shock                    Conj/Air       48%        1d6       5%          1
 Conjure Flame            Conj/Fire      21%        6-21      5%          3
 Beastly Appendage        Tmut           8%         N/A       14%         1
 Sting                    Tmut/Pois      16%        1d3       14%         1
 Inner Flame              Hex/Fire       13%        N/A       14%         3
 Fireball                 Conj/Fire      10%        3d6       45%         5
 Animate Dead             Necr           2%         N/A       80%         4
 Borgnjor's Vile Clutch   Necr/Erth      2%         N/A       98%         5
 Death Channel            Necr           2%         N/A       100%        6
 Simulacrum               Ice/Necr       2%         N/A       100%        6


Dungeon Overview and Level Annotations

Branches:
Dungeon (4/15)
 Temple: D:4-7

Altars:
Hepliaklqana
Qazlal
Vehumet
Wu Jian

Shops:
D:2 (


Innate Abilities, Weirdness & Mutations

Your serpentine skin is tough. (AC +2)
You have supernaturally acute eyesight. (SInv)
Armour fits poorly on your strangely shaped body.
Your system is resistant to poisons. (rPois)
You cover ground very slowly.
You can spit poison.
You have a snake-like lower body.


Message History

You see here a +0 whip.
You see here a +0 whip.
You open the door.
There is an open door here.
A hobgoblin comes into view.
Found a stormy altar of Qazlal and a radiant altar of Vehumet.
Casting: Foxfire (safe; 1% risk of failure)
Confirm with . or Enter, or press ? or * to list all spells.
You conjure some foxfire!
The hobgoblin shouts!
Unknown command.
Casting: Foxfire (safe; 1% risk of failure)
Confirm with . or Enter, or press ? or * to list all spells.
You conjure some foxfire!
The foxfire hits the hobgoblin.
The hobgoblin is almost dead.
Unknown command.
The foxfire hits the hobgoblin.
You kill the hobgoblin!
Your foxfire dissipates!
Found a ring mail.
Found a hazy altar of Hepliaklqana.
Found a faded altar of an unknown god.
Found an ornate altar of the Wu Jian Council.
You see here a +0 ring mail.
There is an open door here.
A kobold comes into view. It is wielding a +3 dagger.
A kobold is nearby!
The kobold shouts!
The kobold throws a stone.
The stone hits you but does no damage.
The kobold throws a stone.
The stone completely misses you.
Casting: Foxfire (safe; 1% risk of failure)
Confirm with . or Enter, or press ? or * to list all spells.
You conjure some foxfire!
Unknown command.
The foxfire hits the kobold but does no damage.
The foxfire hits the kobold.
You kill the kobold!
You now have 164 gold pieces (gained 20).
Things that are here:
a +3 dagger; 14 stones; a ring of flight Are you sure you want to abandon this character and quit the game? (Confirm with "yes".)

######
#.########....#
#...)...##.##.#
#
#######@##.##.#
#####.#
#..........##.#
......#
#.###########.#
...#######.#
#.#
...#.......#
#.#
...#.#######
#.# ...#.#
##### ###.#
#....# #...#
#...# ######
#.#.# ###.###


There were no monsters in sight!

Vanquished Creatures
  Sigmund (D:4)
  Menkaure (D:4)
  A phantom (D:4)
  A jelly (D:4)
  An orc priest (D:4)
  Jessica (D:2)
  An orc wizard (D:4)
  3 adders
  A howler monkey skeleton (D:4)
  An ufetubus (D:3)
  3 worms
  3 dart slugs
  2 orcs
  4 endoplasms
  4 giant cockroaches
  7 goblins
  8 hobgoblins
  6 jackals
  10 kobolds
  2 quokkas
  8 ball pythons
  2 bats
  3 frilled lizards
  8 rats
82 creatures vanquished.

Vanquished Creatures (others)
  251 foxfires
  4 plants (D:4)
255 creatures vanquished.

Grand Total: 337 creatures vanquished

Notes
Turn   | Place    | Note
-------+----------+-------------------------------------------
     0 | D:1      | Meow the Naga Fire Elementalist began the quest for the
                  | Orb.
     0 | D:1      | Reached XP level 1. HP: 15/15 MP: 3/3
   161 | D:1      | Identified An Introduction to Theurgy
   242 | D:1      | Reached XP level 2. HP: 22/22 MP: 1/5
   849 | D:1      | Reached XP level 3. HP: 28/28 MP: 3/6
   854 | D:1      | Found a faded altar of an unknown god.
  1556 | D:2      | Noticed Jessica
  1562 | D:2      | Killed Jessica
  1563 | D:2      | Reached XP level 4. HP: 36/36 MP: 3/8
  1602 | D:2      | Learned a level 4 spell: Sticky Flame
  1756 | D:2      | Found Aqygoyn's Weapon Emporium.
  2324 | D:3      | Reached skill level 4 in Fire Magic
  2588 | D:3      | Reached XP level 5. HP: 29/42 MP: 3/9
  2700 | D:4      | Noticed a phantom
  3319 | D:4      | Noticed Menkaure
  3325 | D:4      | Killed Menkaure
  3326 | D:4      | Reached XP level 6. HP: 27/49 MP: 4/11
  3622 | D:4      | Noticed Sigmund
  3629 | D:4      | Killed Sigmund
  3630 | D:4      | Reached skill level 5 in Fire Magic
  3630 | D:4      | Reached XP level 7. HP: 55/55 MP: 4/13
  4173 | D:4      | Found a stormy altar of Qazlal.
  4173 | D:4      | Found a radiant altar of Vehumet.
  4183 | D:4      | Found a hazy altar of Hepliaklqana.
  4185 | D:4      | Found a faded altar of an unknown god.
  4187 | D:4      | Found an ornate altar of the Wu Jian Council.
  4237 | D:4      | Quit the game

Illustrated notes

Levels and vault maps discovered:
D:1:      giann_wishing_wells, layout_basic,
          hellmonk_ecumenical_altar_crossroads
D:2:      layout_basic, serial_shops, nicolae_shop_behind_doors,
          solitary_fountain, uniq_jessica
D:3:      layout_loops_ring, minmay_quadrilaterals
D:4:      layout_basic, chequers_temple_overflow_minitemple, minmay_misc_feat_x,
          serial_bayou_crossing, uniq_sigmund, uniq_menkaure

Skill      XL: |  1  2  3  4  5  6 |
---------------+-------------------+-----
Conjurations   | 2 3 4 |  4.4
Spellcasting   | 3 4 |  4.5
Fire Magic     | 4 5 |  5.3
Dodging        | |  1.5
Stealth        | |  3.0

Action                   |  1- 3 |  4- 6 |  7- 9 || total
-------------------------+-------+-------+-------++-------
Melee: Club              |     3 |    17 |       ||    20
 Cast: Foxfire           |    52 |    90 |    16 ||   158
 Abil: Spit Poison       |     5 |     5 |       ||    10
  Use: Scroll            |     1 |     5 |       ||     6
Armor: Robe              |     2 |     2 |     3 ||     7
Dodge: Dodged            |     4 |    19 |     5 ||    28

Table legend: (Time is in decaauts)
 A = Elapsed time spent in this place.
 B = Non-inter-level travel time spent in this place.
 C = Inter-level travel time spent in this place.
 D = Time resting spent in this place.
 E = Time spent auto-exploring this place.
 F = Levels seen in this place.
 G = Mean time per level.
                   A        B        C        D        E       F      G
               +--------+--------+--------+--------+--------+-----+--------+
         Total |   5405 |   5193 |    212 |   1024 |   3552 |   4 | 1351.2 |
       Dungeon |   5405 |   5193 |    212 |   1024 |   3552 |   4 | 1351.2 |
               +--------+--------+--------+--------+--------+-----+--------+

Top non-repeatable levels by time:
     D:4: 1847 daAuts
     D:1: 1486 daAuts
     D:3: 1038 daAuts
     D:2: 1032 daAuts
